 Dungeon Crawl Stone Soup version 0.21.1-1-g345015fe64 (webtiles) character file.

618 Delanovic the Chopper (level 7, -20/50 HPs)
             Began as a Demonspawn Gladiator on May 27, 2018.
             Was an Initiate of Okawaru.
             Demolished by an ogre
             ... wielding a +0 giant club
              (27 damage)
             ... on level 5 of the Dungeon on May 28, 2018.
             The game lasted 00:11:06 (4821 turns).

Delanovic the Chopper (Demonspawn Gladiator)        Turns: 4821, Time: 00:11:07

Health: -20/50     AC: 12    Str: 16    XL:     7   Next: 21%
Magic:  7/7        EV:  7    Int:  9    God:    Okawaru [......]
Gold:   263        SH:  0    Dex: 15    Spells: 6/6 levels left

rFire    . . .     SeeInvis +   s - +0 hand axe (chop)
rCold    . . .     Gourm    .   (no shield)
rNeg     + . .     Faith    .   i - +0 chain mail of the Gastropod {rN+ SInv} (curse)
rPois    .         Spirit   .   c - +0 helmet
rElec    .         Reflect  .   (no cloak)
rCorr    .         Harm     +   (no gloves)
MR       .....                  (no boots)
Stlth    ++........             n - amulet of harm
HPRegen  0.16/turn              (no ring)
MPRegen  0.10/turn              (no ring)

@: no status effects
A: yellow scales 2, nightstalker 2
a: Renounce Religion


You were on level 5 of the Dungeon.
You worshipped Okawaru.
Okawaru was noncommittal.
You were not hungry.

You visited 1 branch of the dungeon, and saw 5 of its levels.

You collected 263 gold pieces.

Inventory:

Hand Weapons
 a - a +1 war axe
 s - a +0 hand axe of chopping (weapon)
Missiles
 d - a throwing net (quivered)
 q - 6 javelins
 r - 5 tomahawks
 u - 11 bolts
Armour
 b - a +0 leather armour
 c - a +0 helmet (worn)
 g - a +0 ring mail
 i - the cursed +0 chain mail of the Gastropod (worn) {rN+ SInv}
   (You found it on level 4 of the Dungeon)

   It protects you from negative energy.
   It lets you see invisible.
   It has a curse placed upon it.
Jewellery
 n - an amulet of harm (around neck)
Scrolls
 e - 4 scrolls of remove curse {unknown}
 h - 7 scrolls of identify
 j - 2 scrolls of teleportation {unknown}
 l - a scroll of enchant weapon
 m - 2 scrolls of fog {unknown}
 o - 2 scrolls of immolation {unknown}
 p - a scroll of random uselessness {unknown}
 x - a scroll of amnesia {unknown}
Potions
 k - a potion of cancellation
 t - a potion of haste {unknown}
 w - a potion of flight
Comestibles
 f - 13 rations
 v - 2 chunks of flesh


   Skills:
 - Level 2.0 Fighting
 + Level 6.6 Axes
 - Level 1.7 Throwing
 - Level 2.6 Dodging
 + Level 4.0 Stealth


You had 6 spell levels left.
You didn't know any spells.

Dungeon Overview and Level Annotations

Branches:
Dungeon (5/15)
 Temple: D:4-7

Altars:
Ashenzari
Elyvilon
Fedhas
Gozag
Okawaru
Yredelemnul
The Shining One

Shops:
D:4 [

Annotations:
D:3 Grinder


Innate Abilities, Weirdness & Mutations

You are mostly covered in yellow scales. (AC +3)
You are significantly more attuned to the shadows.


Message History

You destroy the adder zombie!
Okawaru accepts your kill.
You hit the ogre.
The ogre is moderately wounded.
The ogre hits you with a giant club!
You hit the ogre.
The ogre is heavily wounded.
The ogre hits you with a giant club!!
Ouch! That really hurt!
* * * LOW HITPOINT WARNING * * *
You slash the ogre!
The ogre is almost dead.
The ogre hits you but does no damage.
You hit the ogre.
The ogre is almost dead.
You barely miss the ogre.
The ogre is almost dead.
The ogre hits you with a giant club!!
Ouch! That really hurt!
You die...

.....#### #.#.
#..%.#...
..#.##........
.....#........
.....#†....#
.....#....#
......###O# ....#.#
#@# .%. #.###.#..
......... ..
#......... #........ .
##.##....### #........
#.##......# #.......#
#..#......#+#.....#.#
##..#..........# #.#.#
#........#.....###....
###...†..#............


You could see an ogre.

Vanquished Creatures
  A phantom (D:2)
  An ogre (D:5)
  A howler monkey (D:4)
  2 orc priests
  An orc wizard (D:5)
  Terence (D:3)
  An iguana (D:4)
  A worker ant (D:4)
  A hound zombie (D:5)
  A howler monkey zombie (D:5)
  5 gnolls
  7 adders
  A shadow imp (D:5)
  2 oozes
  An adder zombie (D:5)
  An adder skeleton (D:4)
  3 worms
  A dart slug (D:4)
  2 leopard geckos
  9 orcs
  A ball python (D:2)
  3 giant cockroaches
  A goblin (D:3)
  11 hobgoblins
  3 jackals (D:5)
  3 quokkas
  4 bats
  5 frilled lizards
  3 kobolds
  A leopard gecko skeleton (D:4)
  A quokka skeleton (D:4)
  5 rats
84 creatures vanquished.

Notes
Turn   | Place    | Note
-------+----------+-------------------------------------------
     0 | D:1      | Delanovic the Demonspawn Gladiator began the quest for the Orb.
     0 | D:1      | Reached XP level 1. HP: 16/16 MP: 1/1
   295 | D:1      | Reached skill level 3 in Axes
   715 | D:1      | Gained mutation: You are slightly more attuned to the shadows. [demonic ancestry]
   715 | D:1      | Reached XP level 2. HP: 22/22 MP: 2/2
  1356 | D:2      | Reached XP level 3. HP: 24/27 MP: 3/3
  1475 | D:2      | Noticed a phantom
  1489 | D:2      | Reached skill level 4 in Axes
  1503 | D:2      | Killed a phantom
  1503 | D:2      | Reached skill level 5 in Axes
  1503 | D:2      | Reached XP level 4. HP: 27/33 MP: 4/4
  1603 | D:2      | Found a basalt altar of Yredelemnul.
  1605 | D:2      | Gained mutation: You are significantly more attuned to the shadows. [demonic ancestry]
  1605 | D:2      | Reached XP level 5. HP: 38/38 MP: 5/5
  1659 | D:2      | Found a blossoming altar of Fedhas.
  1859 | D:3      | Reached skill level 1 in Stealth
  1904 | D:3      | Noticed Grinder
  2471 | D:3      | Noticed Terence
  2494 | D:3      | Killed Terence
  2605 | D:3      | Gained mutation: You are partially covered in yellow scales. (AC +2) [demonic ancestry]
  2605 | D:3      | Reached XP level 6. HP: 44/44 MP: 6/6
  2920 | D:4      | Found Idopn's Armour Emporium.
  2922 | D:4      | Got a faintly glowing chain mail
  2933 | D:4      | Identified the cursed +0 chain mail of the Gastropod {rN+ SInv} (You found it on level 4 of the Dungeon)
  3202 | D:4      | Reached skill level 6 in Axes
  3378 | D:4      | Found a glowing golden altar of the Shining One.
  3953 | D:4      | Found a shattered altar of Ashenzari.
  3954 | D:4      | Found an iron altar of Okawaru.
  3955 | D:4      | Found a white marble altar of Elyvilon.
  3955 | D:4      | Found an opulent altar of Gozag.
  3961 | D:4      | Became a worshipper of Warmaster Okawaru
  4162 | D:5      | Entered Level 5 of the Dungeon
  4514 | D:5      | Gained mutation: You are mostly covered in yellow scales. (AC +3) [demonic ancestry]
  4514 | D:5      | Reached XP level 7. HP: 50/50 MP: 7/7
  4821 | D:5      | Demolished by an ogre

Skill      XL: |  1  2  3  4  5  6  7 |
---------------+----------------------+-----
Axes           | 3 5 6 |  6.6
Stealth        | 2 3 4 |  4.0
Fighting       | |  2.0
Throwing       | |  1.7
Dodging        | |  2.6

Action                   |  1- 3 |  4- 6 |  7- 9 || total
-------------------------+-------+-------+-------++-------
Melee: War axe           |    84 |   120 |       ||   204
       Hand axe          |       |    40 |    66 ||   106
Throw: Throwing net      |     1 |     2 |       ||     3
  Use: Scroll            |     2 |     1 |       ||     3
       Potion            |     1 |     2 |       ||     3
 Stab: Sleeping          |     1 |    13 |     1 ||    15
  Eat: Chunk             |     2 |     8 |     3 ||    13
Armor: Leather armour    |     7 |       |       ||     7
       Ring mail         |    19 |    38 |       ||    57
       Chain mail        |       |    37 |    23 ||    60
Dodge: Dodged            |    48 |    70 |    17 ||   135
